 Dungeon Crawl Stone Soup version 0.28-a0-793-g31680bbd8b (webtiles) character file.

Game seed: 8012222601037102879

1880 demibob the Grappler (level 9, -5/70 HPs)
             Began as a Ghoul Monk on Nov 4, 2021.
             Was a Believer of Makhleb.
             Killed from afar by a steam dragon (22 damage)
             ... with a ball of steam
             ... on level 8 of the Dungeon.
             The game lasted 00:12:33 (6618 turns).

demibob the Grappler (Ghoul Monk)                   Turns: 6618, Time: 00:12:34

Health: -5/70      AC:  6    Str: 15    XL:     9   Next: 14%
Magic:  12/12      EV: 12    Int:  5    God:    Makhleb [**....]
Gold:   334        SH:  0    Dex: 14    Spells: 8/8 levels left

rFire   . . .      SeeInvis .     - Unarmed
rCold   + . .      Faith    .   (no shield)
rNeg    + + +      Spirit   .   a - +0 robe
rPois   ∞          Reflect  .   b - +1 helmet
rElec   .          Harm     .   (no cloak)
rCorr   .          Rampage  .   (no gloves)
Will    .....                   q - +1 pair of boots
Stlth   ++........              (no amulet)
HPRegen 0.00/turn               (no ring)
MPRegen 0.13/turn               (no ring)

@: inhibited regen
A: claws 1, cold resistance 1, negative energy resistance 3, inhibited
regeneration, torment resistance 2
a: Renounce Religion, Minor Destruction


You were on level 8 of the Dungeon.
You worshipped Makhleb.
Makhleb was pleased with you.
You visited 2 branches of the dungeon, and saw 9 of its levels.

You collected 334 gold pieces.


Innate Abilities, Weirdness & Mutations

You thrive by killing the living.
You are immune to poison.
You have sharp fingernails.
Your flesh is cold resistant. (rC+)
You are immune to negative energy. (rN+++)
You do not regenerate when monsters are visible.
You are immune to unholy pain and torment.


   Skills:
 - Level 3.2 Fighting
 - Level 2.6 Dodging
 - Level 2.1 Stealth
 + Level 11.5 Unarmed Combat
 + Level 5.9 Invocations


You had 8 spell levels left.
You didn't know any spells.
Your spell library was empty.

Inventory:

Armour
 a - a +0 robe (worn)
 b - a +1 helmet (worn)
 q - a +1 pair of boots (worn)
Jewellery
 i - an amulet of magic regeneration
Wands
 m - a wand of charming (7)
 o - a wand of flame (21)
Scrolls
 j - a scroll of enchant armour
 n - a scroll of vulnerability
 r - a scroll of enchant weapon
 t - a scroll of magic mapping
Potions
 c - 2 potions of flight
 d - a potion of ambrosia
 e - a potion of cancellation
 f - a potion of resistance
 k - 4 potions of curing {@q1}
 l - a potion of magic
 s - a potion of attraction {unknown}

Dungeon Overview and Level Annotations

Branches:
Dungeon (8/15)             Temple (1/1) D:7
   Lair: D:8-11

Altars:
Ashenzari
Cheibriados
Elyvilon
Fedhas
Gozag
Hepliaklqana
Makhleb
Nemelex Xobeh
Okawaru
Qazlal
Ru
Sif Muna
Trog
Uskayaw
Wu Jian
Xom
Yredelemnul
Zin
The Shining One

Shops:
D:1

* ..O#)###.###
............
?..$.####..
...#........
..$#.####... ##
.....# #.. .#
.#.### .. ###.#
.#.# #.##.#.#
##.
##.#..§§@Z#.#..
......§§D.......
####......#.#...
#.####.# # . #.
.# # .# .. ##


You could see a steam dragon (catching breath) and a centaur zombie.


Message History

You feel much better.
You are engulfed in a cloud of scalding steam.
You claw the steam dragon!
The steam dragon is heavily wounded.
You are engulfed in a cloud of scalding steam.
The steam dragon completely misses you.
The steam dragon claws you but does no damage.
You scratch the steam dragon.
The steam dragon is heavily wounded.
You are engulfed in a cloud of scalding steam.
The steam dragon bites you.
The steam dragon claws you but does no damage.
You scratch the steam dragon.
The steam dragon is severely wounded.
You are engulfed in a cloud of scalding steam.
A centaur zombie comes into view.
The steam dragon bites you. The steam dragon misses you.
You barely miss the steam dragon.
The steam dragon is severely wounded.
The steam dragon breathes steam at you. The ball of steam hits you!
* * * LOW HITPOINT WARNING * * *
The steam dragon bites you.
* * * LOW HITPOINT WARNING * * *
The steam dragon barely misses you.
You scratch the steam dragon.
The steam dragon is severely wounded.
The steam dragon breathes steam at you. The ball of steam hits you!!
You die...

Skill      XL: |  1  2  3  4  5  6  7  8 |
---------------+-------------------------+-----
Unarmed Combat | 4 5 6 7 8 10 11 | 11.5
Invocations    | 2 5 |  5.9
Fighting       | |  3.2
Dodging        | |  2.6
Stealth        | |  2.1

Action                   |  1- 3 |  4- 6 |  7- 9 || total
-------------------------+-------+-------+-------++-------
Melee: Unarmed           |    95 |   133 |   156 ||   384
       Punch             |     1 |     3 |     6 ||    10
Evoke: Wand              |       |       |     6 ||     6
  Use: Scroll            |     1 |    14 |     5 ||    20
       Potion            |       |       |     1 ||     1
 Stab: Sleeping          |     9 |    11 |       ||    20
       Distracted        |       |       |     1 ||     1
Armor: Robe              |    17 |    24 |    33 ||    74
Dodge: Dodged            |    40 |    72 |    80 ||   192

Levels and vault maps discovered:
D:1:      mrwooster_arrival_arrow, layout_loops_ring, serial_shops, shop,
          minmay_misc_feat_five
D:2:      layout_loops_ring, shapermc_ecumenical_altar_ellora,
          minmay_misc_feat_square
D:3:      layout_loops_ring, old_standard_altar
D:4:      layout_rooms
D:5:      layout_loops_cross
D:6:      layout_loops_ring
D:7:      layout_gridville, minmay_temple_entry_stoned_glass,
          uniq_prince_ribbit1
D:8:      layout_basic
Temple:   kilobyte_greek_temple

Notes
Turn   | Place    | Note
-------+----------+-------------------------------------------
     0 | D:1      | demibob the Ghoul Monk began the quest for the Orb.
     0 | D:1      | Reached XP level 1. HP: 19/19 MP: 0/0
    59 | D:1      | Reached XP level 2. HP: 22/26 MP: 1/1
   187 | D:1      | Reached skill level 4 in Unarmed Combat
   232 | D:1      | Found Tudoh's General Store.
   685 | D:1      | Reached XP level 3. HP: 31/31 MP: 2/2
  1293 | D:2      | Reached skill level 5 in Unarmed Combat
  1457 | D:2      | Found a faded altar of an unknown god.
  1677 | D:2      | Reached XP level 4. HP: 38/38 MP: 3/3
  1981 | D:3      | Identified a potion of resistance
  2126 | D:3      | Found a shimmering altar of Xom.
  2852 | D:4      | Noticed a scorpion
  2865 | D:4      | Killed a scorpion
  2866 | D:4      | Reached skill level 6 in Unarmed Combat
  2866 | D:4      | Reached XP level 5. HP: 45/45 MP: 4/4
  3021 | D:4      | Reached skill level 7 in Unarmed Combat
  3026 | D:4      | Reached XP level 6. HP: 41/51 MP: 5/5
  3382 | D:5      | Entered Level 5 of the Dungeon
  3699 | D:5      | Reached skill level 8 in Unarmed Combat
  4058 | D:6      | Reached XP level 7. HP: 57/57 MP: 6/6
  4095 | D:6      | Reached skill level 9 in Unarmed Combat
  4900 | D:7      | Found a staircase to the Ecumenical Temple.
  4910 | Temple   | Entered the Ecumenical Temple
  5011 | Temple   | Became a worshipper of Makhleb the Destroyer
  5011 | Temple   | Reached * piety under Makhleb
  5011 | Temple   | Reached ** piety under Makhleb
  5077 | D:7      | Noticed Prince Ribbit
  5086 | D:7      | Killed Prince Ribbit
  5087 | D:7      | Reached skill level 10 in Unarmed Combat
  5087 | D:7      | Reached skill level 2 in Invocations
  5087 | D:7      | Reached XP level 8. HP: 57/63 MP: 6/8
  5225 | D:7      | Reached skill level 3 in Invocations
  5463 | D:7      | Reached skill level 4 in Invocations
  5543 | D:7      | Reached skill level 11 in Unarmed Combat
  6034 | D:7      | Reached skill level 5 in Invocations
  6076 | D:7      | Reached XP level 9. HP: 35/70 MP: 11/11
  6606 | D:8      | Noticed a two-headed ogre
  6618 | D:8      | Killed from afar by a steam dragon

Vanquished Creatures
  Prince Ribbit (D:7)
  A yak (D:7)
  A steam dragon (D:7)
  A black bear (D:7)
  An ogre (D:7)
  A centaur (D:6)
  A kobold brigand (D:6)
  3 bullfrogs
  A wyvern zombie (D:7)
  3 scorpions
  2 wyvern skeletons (D:6)
  4 howler monkeys (D:7)
  A hound (D:6)
  An orc priest (D:4)
  2 jellies
  A centaur skeleton (D:7)
  2 orc wizards
  A gnoll (D:1)
  4 adders
  2 shadow imps (D:5)
  An ufetubus (D:5)
  3 worms
  2 dart slugs
  13 orcs
  3 ball pythons
  6 bats
  11 endoplasms
  3 giant cockroaches
  3 goblins
  3 hobgoblins
  10 jackals
  14 kobolds
  2 quokkas
  4 frilled lizards
  7 rats
119 creatures vanquished.

Table legend: (Time is in decaauts)
 A = Elapsed time spent in this place.
 B = Non-inter-level travel time spent in this place.
 C = Inter-level travel time spent in this place.
 D = Time resting spent in this place.
 E = Time spent auto-exploring this place.
 F = Levels seen in this place.
 G = Mean time per level.
                   A        B        C        D        E       F      G
               +--------+--------+--------+--------+--------+-----+--------+
         Total |   6563 |   6336 |    227 |    521 |   4870 |   9 |  729.2 |
       Dungeon |   6427 |   6240 |    187 |    521 |   4777 |   8 |  803.4 |
        Temple |    135 |     96 |     39 |      0 |     93 |   1 |  135.0 |
               +--------+--------+--------+--------+--------+-----+--------+

Top non-repeatable levels by time:
     D:7: 1520 daAuts
     D:3: 956 daAuts
     D:2: 937 daAuts
     D:1: 918 daAuts
     D:6: 896 daAuts
     D:5: 602 daAuts
     D:4: 549 daAuts
  Temple: 135 daAuts
     D:8: 46 daAuts

Table legend:
 A = Non-vault XP
 B = Vault XP
 C = Vault XP percentage of total XP
 D = Non-vault monster count
 E = Vault monster count
 F = Vault count percentage of total count
                 A         B        C        D         E       F
            +---------+---------+-------+---------+---------+-------
      Total |    2409 |     277 |  10.3 |     118 |       1 |   0.8
            +---------+---------+-------+---------+---------+-------
        D:1 |      38 |       0 |   0.0 |      15 |       0 |   0.0
        D:2 |      47 |       0 |   0.0 |      23 |       0 |   0.0
        D:3 |      62 |       0 |   0.0 |      23 |       0 |   0.0
        D:4 |     212 |       0 |   0.0 |      15 |       0 |   0.0
        D:5 |     168 |       0 |   0.0 |       7 |       0 |   0.0
        D:6 |     594 |       0 |   0.0 |      18 |       0 |   0.0
        D:7 |    1198 |     277 |  18.8 |      16 |       1 |   5.9
        D:8 |      90 |       0 |   0.0 |       1 |       0 |   0.0
            +---------+---------+-------+---------+---------+-------
